 Dungeon Crawl Stone Soup version 0.31.0-32-g396128a36d (webtiles) character file.

Game seed: 6030518421183519190

296 monsoonserge the Ruffian (level 6, -4/47 HPs)
             Began as a Gnoll Shapeshifter on Apr 2, 2024.
             Slain by a gnoll
             ... wielding a +4 whip
             ... led by a gnoll bouda
              (7 damage)
             ... on level 5 of the Dungeon.
             The game lasted 00:05:46 (1809 turns).

monsoonserge the Ruffian (Gnoll Shapeshifter)       Turns: 1809, Time: 00:05:47

Health: -4/47      AC:  5    Str: 15    XL:     6   Next: 34%
Magic:  8/9        EV: 17    Int:  9    God:
Gold:   205        SH:  0    Dex: 12    Spells: 9/9 levels left

rFire   . . .        k - +6 short sword of Untruth {vamp, rElec}
rCold   . . .        (no shield)
rNeg    . . .        u - +0 ring mail
rPois   .            (helmet currently unavailable)
rElec   +            (cloak currently unavailable)
rCorr   .            (gloves currently unavailable)
SInv    .            (boots currently unavailable)
Will    .....        (no amulet)
Stlth   +            q - +5 ring of evasion
HPRegen 0.27/turn    (no ring)
MPRegen 0.11/turn

%: no passive effects
@: beast-form
A: beast (slay +3), fangs 1, strong nose, distributed training
a: Begin Untransformation


You were on level 5 of the Dungeon.
You were a hulking beast.
You visited 1 branch of the dungeon, and saw 6 of its levels.

You collected 205 gold pieces.

Inventory:

Hand Weapons
 k - the +6 short sword of Untruth (weapon) {vamp, rElec}
   (You found it on level 2 of the Dungeon)

   rElec:     It insulates you from electricity.
Missiles
 s - 2 throwing nets
 t - 2 poisoned darts (quivered)
Armour
 e - a +0 leather armour
 u - a +0 ring mail (worn)
 x - a +0 helmet
Magical Staves
 v - a staff of earth
Jewellery
 q - a +5 ring of evasion (left hand)
Talismans
 c - a beast talisman
 d - a flux talisman
Wands
 g - a wand of mindburst (5)
Scrolls
 f - 2 scrolls of amnesia {unknown}
 h - 2 scrolls of vulnerability
 i - a scroll of teleportation
 j - a scroll of enchant weapon
 m - a scroll of enchant armour
 w - a scroll of revelation {unknown}
Potions
 a - a potion of degeneration {unknown}
 b - a potion of lignification
 l - a potion of haste {unknown}
 n - a potion of ambrosia {unknown}
 o - a potion of invisibility {unknown}
 p - a potion of enlightenment {unknown}
 r - 2 potions of curing {unknown}


   Skills:
 + Level 3.2 Fighting
 + Level 2.0 Short Blades
 + Level 2.0 Long Blades
 + Level 2.0 Axes
 + Level 2.0 Maces & Flails
 + Level 2.0 Polearms
 + Level 2.0 Staves
 + Level 2.0 Ranged Weapons
 + Level 2.0 Throwing
 + Level 2.0 Armour
 + Level 5.0 Dodging
 + Level 2.0 Stealth
 + Level 2.0 Shields
 + Level 6.8 Unarmed Combat
 + Level 2.0 Spellcasting
 + Level 1.5 Conjurations
 + Level 1.5 Hexes
 + Level 1.5 Summonings
 + Level 1.5 Necromancy
 + Level 1.5 Translocations
 + Level 1.5 Fire Magic
 + Level 1.5 Ice Magic
 + Level 1.5 Air Magic
 + Level 1.5 Earth Magic
 + Level 1.5 Alchemy
 + Level 2.2 Invocations
 + Level 2.0 Evocations
 + Level 6.7 Shapeshifting


You had 9 spell levels left.
You didn't know any spells.
Your spell library was empty.

Dungeon Overview and Level Annotations

Branches:
Dungeon (6/15)
 Temple: D:4-7

Altars:

Annotations:
D:6 Grinder


Innate Abilities, Weirdness & Mutations

You are a hulking beast.
Your limbs bulge with bestial killing power. (Slay +3)
You have very sharp teeth.
Your uncanny sense of smell can sniff out nearby items.
Your experience applies equally to all skills.


Message History

Your Long Blades skill increases to level 2!
Your Axes skill increases to level 2!
Your Maces & Flails skill increases to level 2!
Your Polearms skill increases to level 2!
Your Staves skill increases to level 2!
Your Ranged Weapons skill increases to level 2!
Your Throwing skill increases to level 2!
Your Armour skill increases to level 2!
Your Stealth skill increases to level 2!
Your Shields skill increases to level 2!
Your Spellcasting skill increases to level 2!
Your Evocations skill increases to level 2!
Aiming: Mindburst
Press: ? - help, Shift-Dir - straight line, f - gnoll
Aim: a gnoll, wielding a +1 whip of distortion (covering ground quickly, chance to affect: 80%)
The gnoll's mind is blasted!
The gnoll hits you with a +1 whip of distortion.
The gnoll hits you with a +4 whip!
* * * LOW HITPOINT WARNING * * *
The white imp completely misses you.
You hit the gnoll.
You feel better.
You kill the gnoll!
The gnoll completely misses you.
You hit the gnoll.
The gnoll is moderately wounded.
The white imp misses you. The gnoll closely misses you.
You hit the gnoll.
The gnoll is heavily wounded.
The white imp hits you.
* * * LOW HITPOINT WARNING * * *
The white imp freezes you.
* * * LOW HITPOINT WARNING * * *
Aiming: Mindburst
Press: ? - help, Shift-Dir - straight line, f - white imp
Aim: a white imp (chance to affect: 80%)
The white imp's mind is blasted!!
You blow up the white imp!
Your attacks no longer feel as feeble.
The gnoll hits you with a +4 whip!
You die...

#........#
#........#
#........#
#........#####
#........#...#
#####..)##...#
#....#..#...#
#.#####.....#
# ##.hg.#
#.).)#
##.....#
.........
.........
..........
..........
...........


You could see a gnoll (swift).

Vanquished Creatures
  A howler monkey (D:5)
  2 hounds
  A gnoll bouda (D:5)
  A sleepcap (D:5)
  An adder (D:2)
  4 gnolls (D:5)
  A white imp (D:5)
  4 dart slugs
  2 orcs (D:3)
  10 endoplasms
  2 giant cockroaches
  8 goblins
  6 hobgoblins
  16 jackals
  3 kobolds (D:1)
  4 ball pythons
  7 bats
  3 frilled lizards
  3 rats
79 creatures vanquished.

Notes
Turn   | Place    | Note
-------+----------+-------------------------------------------
     0 | D:1      | monsoonserge the Gnoll Shapeshifter began the quest for the
                  | Orb.
     0 | D:1      | Reached XP level 1. HP: 17/17 MP: 1/1
    66 | D:1      | Reached XP level 2. HP: 16/23 MP: 2/2
   170 | D:1      | Reached XP level 3. HP: 28/28 MP: 3/3
   225 | D:1      | Reached skill level 1 in Invocations
   469 | D:1      | Found a faded altar of an unknown god.
   497 | D:1      | Reached skill level 1 in Short Blades
   497 | D:1      | Reached skill level 1 in Long Blades
   497 | D:1      | Reached skill level 1 in Axes
   497 | D:1      | Reached skill level 1 in Maces & Flails
   497 | D:1      | Reached skill level 1 in Polearms
   497 | D:1      | Reached skill level 1 in Staves
   497 | D:1      | Reached skill level 1 in Ranged Weapons
   497 | D:1      | Reached skill level 1 in Throwing
   497 | D:1      | Reached skill level 1 in Armour
   497 | D:1      | Reached skill level 1 in Stealth
   497 | D:1      | Reached skill level 1 in Shields
   497 | D:1      | Reached skill level 1 in Spellcasting
   497 | D:1      | Reached skill level 1 in Evocations
   640 | D:2      | Reached XP level 4. HP: 29/34 MP: 5/5
  1131 | D:2      | Reached skill level 1 in Conjurations
  1131 | D:2      | Reached skill level 1 in Hexes
  1131 | D:2      | Reached skill level 1 in Summonings
  1131 | D:2      | Reached skill level 1 in Necromancy
  1131 | D:2      | Reached skill level 1 in Translocations
  1131 | D:2      | Reached skill level 1 in Fire Magic
  1131 | D:2      | Reached skill level 1 in Ice Magic
  1131 | D:2      | Reached skill level 1 in Air Magic
  1131 | D:2      | Reached skill level 1 in Earth Magic
  1131 | D:2      | Reached skill level 1 in Alchemy
  1151 | D:2      | Identified the +6 short sword of Untruth {vamp, rElec}
  1537 | D:3      | You fall into a shaft and drop 3 floors!
  1566 | D:6      | Reached XP level 5. HP: 39/40 MP: 5/7
  1723 | D:6      | Noticed Grinder
  1727 | D:5      | Entered Level 5 of the Dungeon
  1781 | D:5      | Reached XP level 6. HP: 42/47 MP: 8/8
  1803 | D:5      | Reached skill level 5 in Dodging
  1809 | D:5      | Slain by a gnoll

Illustrated notes

Levels and vault maps discovered:
D:1:      lightli_arrival_quake, layout_rooms,
          shapermc_ecumenical_altar_hornbeckon, st_stairs_3
D:2:      layout_basic
D:3:      layout_basic, minmay_statues_item, kennysheep_generic_room_16
D:4:      layout_cave_pools, lemuel_blue_sif_altar, grunt_temple_overflow_open,
          tgw_kikubaaqudgha, minmay_temple_entry_purple_smoke, kennysheep_boxes
D:5:      layout_basic, wad_floor_pattern_1, minmay_shop_damaged
D:6:      layout_gridville, lemuel_tele_altar, serial_bayou_ford_a, uniq_grinder

Skill      XL: |  1  2  3  4  5  6 |
---------------+-------------------+-----
Invocations    | 1 2 |  2.2
Short Blades   | 1 2 |  2.0
Long Blades    | 1 2 |  2.0
Axes           | 1 2 |  2.0
Maces & Flails | 1 2 |  2.0
Polearms       | 1 2 |  2.0
Staves         | 1 2 |  2.0
Ranged Weapons | 1 2 |  2.0
Throwing       | 1 2 |  2.0
Armour         | 1 2 |  2.0
Stealth        | 1 2 |  2.0
Shields        | 1 2 |  2.0
Spellcasting   | 1 2 |  2.0
Evocations     | 1 2 |  2.0
Conjurations   | 1 |  1.5
Hexes          | 1 |  1.5
Summonings     | 1 |  1.5
Necromancy     | 1 |  1.5
Translocations | 1 |  1.5
Fire Magic     | 1 |  1.5
Ice Magic      | 1 |  1.5
Air Magic      | 1 |  1.5
Earth Magic    | 1 |  1.5
Alchemy        | 1 |  1.5
Fighting       | 3 |  3.2
Dodging        | 5 |  5.0
Unarmed Combat | |  6.8
Shapeshifting  | |  6.7

Action                     |  1- 3 |  4- 6 || total
---------------------------+-------+-------++-------
  Melee: Unarmed           |    73 |    24 ||    97
         Bite              |     7 |     7 ||    14
         Punch             |     1 |     1 ||     2
         Short sword       |       |    54 ||    54
  Evoke: Wand              |       |     4 ||     4
    Use: Scroll            |       |     4 ||     4
   Stab: Sleeping          |     1 |     2 ||     3
 Armour: Animal skin       |    10 |       ||    10
         Leather armour    |    26 |    27 ||    53
         Ring mail         |       |    18 ||    18
  Dodge: Dodged            |    42 |    64 ||   106
